TOP OF THE 1ST |
Baylor Bears batting - Pitching for Washington State Cougars : LHP Ed Bailey
|
Pitching: LHP Ed Bailey
|
|
Batting: RHB Reed Allen
|
0-0: Called Strike 0-1: Called Strike 0-2: Strikes out swinging
|
Batting: RHB Richard Jeffries
|
0-0: Ball 1-0: Ball 2-0: Foul Ball, location: 2F 2-1: Foul Ball, location: 2F 2-2: Ball 3-2: Foul Ball, location: 2F 3-2: Base on Balls
|
Batting: LHB Sergio García
|
0-0: Ball 1-0: Called Strike 1-1: Foul Ball, location: 2F 1-2: Ball 2-2: Foul Ball, location: 2F 2-2: Ball 3-2: Fielders Choice at 2nd, 4-6 (Groundball, 34)
|
Batting: RHB Gerald Taylor
|
0-0: Ball 1-0: Swinging Strike 1-1: Swinging Strike 1-2: Foul Ball, location: 2F 1-2: Ball 2-2: Ground out U3 (Groundball, 34)
|
Top of the 1st over - 0 runs, 0 hits, 0 errors, 1 left on base; Baylor 0 - Washington State 0 |
BOTTOM OF THE 1ST |
Washington State Cougars batting - Pitching for Baylor Bears : RHP Doug Roberts
|
Pitching: RHP Doug Roberts
|
|
Batting: RHB Jesse Pérez
|
0-0: Swinging Strike 0-1: Foul Ball, location: 2F 0-2: Ball 1-2: Ball 2-2: Strikes out swinging
|
Batting: RHB Riley Lewis
|
0-0: Ball 1-0: Foul Ball, location: 2F 1-1: Called Strike 1-2: Foul Ball, location: 2F 1-2: Foul Ball, location: 2F 1-2: Fly out, F9 (Flyball, 9LM)
|
Batting: LHB Sergio Molina
|
0-0: Called Strike 0-1: Foul Ball, location: 2F 0-2: Ground out 4-3 (Groundball, 4)
|
Bottom of the 1st over - 0 runs, 0 hits, 0 errors, 0 left on base; Baylor 0 - Washington State 0 |
TOP OF THE 2ND |
Baylor Bears batting - Pitching for Washington State Cougars : LHP Ed Bailey
|
Batting: LHB Alan Jones
|
0-0: Called Strike 0-1: Swinging Strike 0-2: Fly out, F9 (Flyball, 9LS)
|
Batting: RHB Doug Carter
|
0-0: Hit by Pitch
|
Batting: RHB Santiago Hernández
|
0-0: Called Strike 0-1: Foul Ball, location: 2F 0-2: Strikes out swinging
|
Batting: RHB Denny Dennis
|
0-0: Ball 1-0: Ball 2-0: Ground out U3 (Groundball, 3L)
|
Top of the 2nd over - 0 runs, 0 hits, 0 errors, 1 left on base; Baylor 0 - Washington State 0 |
BOTTOM OF THE 2ND |
Washington State Cougars batting - Pitching for Baylor Bears : RHP Doug Roberts
|
Batting: LHB Bob Hayes
|
0-0: Called Strike 0-1: Called Strike 0-2: Strikes out swinging
|
Batting: RHB Joe Lowe
|
0-0: Foul Ball, location: 2F 0-1: Ball 1-1: Ball 2-1: Called Strike 2-2: SINGLE (Groundball, 6MD)
|
Batting: RHB Ernest Richter
|
0-0: Ball 1-0: Ball 2-0: Called Strike 2-1: Ball 3-1: Base on Balls Joe Lowe to second
|
Batting: LHB Andrew Guerrero
|
0-0: Ball 1-0: Foul Ball, location: 2F 1-1: Ball 2-1: Called Strike 2-2: Foul Ball, location: 2F 2-2: Foul Ball, location: 2F 2-2: Strikes out swinging
|
Batting: RHB Charlie Owens
|
0-0: Foul Ball, location: 2F 0-1: Foul Ball, location: 2F 0-2: Ball 1-2: Strikes out swinging
|
Bottom of the 2nd over - 0 runs, 1 hit, 0 errors, 2 left on base; Baylor 0 - Washington State 0 |
TOP OF THE 3RD |
Baylor Bears batting - Pitching for Washington State Cougars : LHP Ed Bailey
|
Batting: RHB Bryan Clifton
|
0-0: Called Strike 0-1: Swinging Strike 0-2: Ball 1-2: Ball 2-2: Foul Ball, location: 2F 2-2: Fly out, F7 (Flyball, 7LSF)
|
Batting: RHB Reed Allen
|
0-0: Called Strike 0-1: Ball 1-1: Fly out, F8 (Flyball, 8LM)
|
Batting: RHB Richard Jeffries
|
0-0: Ball 1-0: Ball 2-0: Ground out 6-3 (Groundball, 56)
|
Top of the 3rd over - 0 runs, 0 hits, 0 errors, 0 left on base; Baylor 0 - Washington State 0 |
BOTTOM OF THE 3RD |
Washington State Cougars batting - Pitching for Baylor Bears : RHP Doug Roberts
|
Batting: RHB Alfonso Sánchez
|
0-0: Swinging Strike 0-1: Swinging Strike 0-2: Foul Ball, location: 2F 0-2: Foul Ball, location: 2F 0-2: Strikes out swinging
|
Batting: RHB Jesse Pérez
|
0-0: Called Strike 0-1: Swinging Strike 0-2: Strikes out swinging
|
Batting: RHB Riley Lewis
|
0-0: Ball 1-0: Ball 2-0: Called Strike 2-1: Ball 3-1: Base on Balls
|
Batting: LHB Sergio Molina
|
0-0: Ball 1-0: Foul Ball, location: 2F 1-1: Ball 2-1: Ball 3-1: Fly out, F9 (Flyball, 9)
|
Bottom of the 3rd over - 0 runs, 0 hits, 0 errors, 1 left on base; Baylor 0 - Washington State 0 |
TOP OF THE 4TH |
Baylor Bears batting - Pitching for Washington State Cougars : LHP Ed Bailey
|
Batting: LHB Sergio García
|
0-0: Ball 1-0: Ball 2-0: Foul Ball, location: 2F 2-1: SINGLE (Groundball, 34D)
|
Batting: RHB Gerald Taylor
|
0-0: Foul Ball, location: 2F 0-1: Ball 1-1: 2-RUN HOME RUN (Flyball, 78XD), Distance : 386 ft
|
Batting: LHB Alan Jones
|
0-0: Ball 1-0: Called Strike 1-1: SINGLE (Line Drive, 78S)
|
Batting: RHB Doug Carter
|
0-0: Swinging Strike 0-1: Swinging Strike 0-2: Strikes out swinging
|
Batting: RHB Santiago Hernández
|
0-0: Foul Ball, location: 2F 0-1: Foul Ball, location: 2F 0-2: Ball 1-2: SINGLE (Line Drive, 8RS) Alan Jones to second
|
Batting: RHB Denny Dennis
|
0-0: Fly out, F7 (Flyball, 7)
|
Batting: RHB Bryan Clifton
|
0-0: Called Strike 0-1: SINGLE (Groundball, 4MD) Alan Jones to third Santiago Hernández to second Runner from 3rd tries for Home, SAFE, no throw
|
Batting: RHB Reed Allen
|
0-0: Swinging Strike 0-1: Swinging Strike 0-2: Ball 1-2: Fly out, F6 (Popup, 6M)
|
Top of the 4th over - 3 runs, 5 hits, 0 errors, 2 left on base; Baylor 3 - Washington State 0 |
BOTTOM OF THE 4TH |
Washington State Cougars batting - Pitching for Baylor Bears : RHP Doug Roberts
|
Batting: LHB Bob Hayes
|
0-0: Foul Ball, location: 2F 0-1: Ball 1-1: Ball 2-1: Fly out, F9 (Flyball, 9LSF)
|
Batting: RHB Joe Lowe
|
0-0: Ball 1-0: Foul Ball, location: 2F 1-1: Called Strike 1-2: Ball 2-2: Foul Ball, location: 2F 2-2: Hit by Pitch
|
Batting: RHB Ernest Richter
|
0-0: Ball 1-0: Ball 2-0: Ball 3-0: Base on Balls Joe Lowe to second
|
Batting: LHB Andrew Guerrero
|
0-0: Ball 1-0: Ball 2-0: Ball 3-0: Called Strike 3-1: Called Strike 3-2: Strikes out looking
|
Batting: RHB Charlie Owens
|
0-0: Ball Wild Pitch! Joe Lowe to third Ernest Richter to second 1-0: Ball 2-0: Ball 3-0: Base on Balls
|
Pitching: LHP Eduardo Álvarez
|
|
Batting: RHB Alfonso Sánchez
|
0-0: Ball 1-0: Ball 2-0: Ball 3-0: Called Strike 3-1: Reached on error, E9 (Flyball, 89M) Joe Lowe scores Ernest Richter scores Charlie Owens to third
|
Batting: RHB Jesse Pérez
|
0-0: Ball 1-0: Foul Ball, location: 2F 1-1: Foul Ball, location: 2F 1-2: Ball 2-2: Ball 3-2: Base on Balls
|
Batting: RHB Riley Lewis
|
0-0: Swinging Strike 0-1: Fly out, F7 (Flyball, 7S)
|
Bottom of the 4th over - 2 runs, 0 hits, 1 error, 3 left on base; Baylor 3 - Washington State 2 |
TOP OF THE 5TH |
Baylor Bears batting - Pitching for Washington State Cougars : LHP Ed Bailey
|
Batting: RHB Richard Jeffries
|
0-0: Swinging Strike 0-1: DOUBLE (Flyball, 78D)
|
Batting: LHB Sergio García
|
0-0: Ground out 4-3 (Groundball, 4M) Richard Jeffries to third
|
Batting: RHB Gerald Taylor
|
0-0: Ball 1-0: Ball 2-0: Swinging Strike 2-1: Ball 3-1: Called Strike 3-2: Strikes out swinging
|
Batting: LHB Alan Jones
|
0-0: Ball 1-0: Foul Ball, location: 2F 1-1: Ball 2-1: Ball 3-1: Swinging Strike 3-2: Fly out, F5 (Popup, 5S)
|
Top of the 5th over - 0 runs, 1 hit, 0 errors, 1 left on base; Baylor 3 - Washington State 2 |
BOTTOM OF THE 5TH |
Washington State Cougars batting - Pitching for Baylor Bears : LHP Eduardo Álvarez
|
Batting: LHB Sergio Molina
|
0-0: Ball 1-0: Ball 2-0: Ball 3-0: Base on Balls
|
Batting: LHB Bob Hayes
|
0-0: Called Strike 0-1: Ball 1-1: Fly out, F7 (Flyball, 7D)
|
Batting: RHB Joe Lowe
|
0-0: Ball 1-0: Swinging Strike 1-1: Ball 2-1: Called Strike 2-2: Grounds into double play, 4-6-3 (Groundball, 4)
|
Bottom of the 5th over - 0 runs, 0 hits, 0 errors, 0 left on base; Baylor 3 - Washington State 2 |
TOP OF THE 6TH |
Baylor Bears batting - Pitching for Washington State Cougars : LHP Ed Bailey
|
Pitching: LHP Glenn O'Rourke
|
|
Batting: RHB Doug Carter
|
0-0: Ball 1-0: Swinging Strike 1-1: Ball 2-1: Foul Ball, location: 2F 2-2: Foul Ball, location: 2F 2-2: Strikes out looking
|
Batting: RHB Santiago Hernández
|
0-0: Ball 1-0: Ball 2-0: Ball 3-0: Called Strike 3-1: Fly out, F8 (Flyball, 89D)
|
Batting: RHB Denny Dennis
|
0-0: Ball 1-0: Foul Ball, location: 2F 1-1: Fly out, F3 (Line Drive, 4S)
|
Top of the 6th over - 0 runs, 0 hits, 0 errors, 0 left on base; Baylor 3 - Washington State 2 |
BOTTOM OF THE 6TH |
Washington State Cougars batting - Pitching for Baylor Bears : LHP Eduardo Álvarez
|
Batting: RHB Ernest Richter
|
0-0: Ball 1-0: Called Strike 1-1: SINGLE (Line Drive, 8LS)
|
Batting: LHB Andrew Guerrero
|
0-0: Ball 1-0: Foul Ball, location: 2F 1-1: SINGLE (Groundball, 5D) Ernest Richter to second
|
Batting: RHB Charlie Owens
|
0-0: Called Strike 0-1: Ball 1-1: Ball 2-1: Ball 3-1: Fly out, F4 (Line Drive, 4M)
|
Batting: RHB Alfonso Sánchez
|
0-0: Foul Ball, location: 2F 0-1: Ball 1-1: Ball 2-1: Called Strike 2-2: Foul Ball, location: 2F 2-2: Ball 3-2: Fly out, F9 (Flyball, 9)
|
Batting: RHB Jesse Pérez
|
0-0: Called Strike 0-1: Called Strike 0-2: Foul Ball, location: 2F 0-2: Ball 1-2: Foul Ball, location: 2F 1-2: Foul Ball, location: 2F 1-2: Ball 2-2: Foul Ball, location: 2F 2-2: Ball 3-2: Foul Ball, location: 2F 3-2: Base on Balls Ernest Richter to third Andrew Guerrero to second
|
Batting: RHB Riley Lewis
|
0-0: Ball 1-0: DOUBLE (Line Drive, 78S) Ernest Richter scores Andrew Guerrero scores Jesse Pérez to third Runner from 3rd tries for Home, SAFE, no throw
|
Pitching: LHP David Pérez
|
|
Batting: LHB Sergio Molina
|
0-0: Ball 1-0: SINGLE (Flyball, 9LM) Riley Lewis to third Runner from 3rd tries for Home, SAFE, no throw
|
Batting: LHB Bob Hayes
|
0-0: Ball 1-0: Ball 2-0: Ball 3-0: Called Strike 3-1: Fly out, F7 (Flyball, 7)
|
Bottom of the 6th over - 4 runs, 4 hits, 0 errors, 1 left on base; Baylor 3 - Washington State 6 |
TOP OF THE 7TH |
Baylor Bears batting - Pitching for Washington State Cougars : LHP Glenn O'Rourke
|
Batting: RHB Bryan Clifton
|
0-0: Ball 1-0: Ball 2-0: Called Strike 2-1: Fly out, F5 (Line Drive, 5S)
|
Batting: RHB Reed Allen
|
0-0: Ball 1-0: Ball 2-0: Called Strike 2-1: Foul Ball, location: 2F 2-2: Strikes out looking
|
Batting: RHB Richard Jeffries
|
0-0: Ball 1-0: SINGLE (Groundball, 34S) (infield hit)
|
Batting: LHB Sergio García
|
0-0: Ball 1-0: Ball 2-0: Ball 3-0: Called Strike 3-1: Base on Balls Richard Jeffries to second
|
Batting: RHB Gerald Taylor
|
0-0: Ball 1-0: Ball 2-0: Ball 3-0: Base on Balls Richard Jeffries to third Sergio García to second
|
Batting: LHB Alan Jones
|
0-0: Ground out 4-3 (Groundball, 4)
|
Top of the 7th over - 0 runs, 1 hit, 0 errors, 3 left on base; Baylor 3 - Washington State 6 |
BOTTOM OF THE 7TH |
Washington State Cougars batting - Pitching for Baylor Bears : LHP David Pérez
|
Batting: RHB Joe Lowe
|
0-0: Fly out, F7 (Flyball, 78S)
|
Batting: RHB Ernest Richter
|
0-0: Ball 1-0: Foul Ball, location: 2F 1-1: Ball 2-1: Ball 3-1: Base on Balls
|
Batting: LHB Andrew Guerrero
|
0-0: Ball 1-0: Ball 2-0: SINGLE (Line Drive, 4M) Ernest Richter to second
|
Batting: RHB Charlie Owens
|
0-0: Ball 1-0: Fly out, F8 (Flyball, 89M)
|
Batting: RHB Alfonso Sánchez
|
0-0: Ball 1-0: Fly out, F8 (Flyball, 8LXD)
|
Bottom of the 7th over - 0 runs, 1 hit, 0 errors, 2 left on base; Baylor 3 - Washington State 6 |
TOP OF THE 8TH |
Baylor Bears batting - Pitching for Washington State Cougars : LHP Glenn O'Rourke
|
Now at 2B: Julius Bell
|
|
Batting: RHB Doug Carter
|
0-0: Called Strike 0-1: Ball 1-1: Foul Ball, location: 2F 1-2: Ground out 5-3 (Groundball, 56S)
|
Batting: RHB Santiago Hernández
|
0-0: Ball 1-0: Foul Ball, location: 2F 1-1: Called Strike 1-2: Ball 2-2: SINGLE (Line Drive, 4)
|
Batting: RHB Denny Dennis
|
0-0: Ball 1-0: DOUBLE (Flyball, 78D) Santiago Hernández to third
|
Batting: RHB Bryan Clifton
|
0-0: Called Strike 0-1: Ball 1-1: Ball 2-1: Foul Ball, location: 2F 2-2: Foul Ball, location: 2F 2-2: Fly out, F5 (Popup, 25F)
|
Batting: RHB Reed Allen
|
0-0: Foul Ball, location: 2F 0-1: Ball 1-1: Fly out, F8 (Flyball, 8LXD)
|
Top of the 8th over - 0 runs, 2 hits, 0 errors, 2 left on base; Baylor 3 - Washington State 6 |
BOTTOM OF THE 8TH |
Washington State Cougars batting - Pitching for Baylor Bears : LHP David Pérez
|
Batting: RHB Jesse Pérez
|
0-0: Ball 1-0: Ball 2-0: Ball 3-0: Called Strike 3-1: Base on Balls
|
Batting: RHB Riley Lewis
|
0-0: Ball 1-0: Sac Bunt - play at first, batter OUT! 2-3 Jesse Pérez to second
|
Batting: LHB Sergio Molina
|
0-0: Foul Ball, location: 2F 0-1: Ball 1-1: Ball 2-1: Swinging Strike 2-2: Ball 3-2: Foul Ball, location: 2F 3-2: 2-RUN HOME RUN (Line Drive, 78XD), Distance : 386 ft
|
Batting: LHB Bob Hayes
|
0-0: Ball 1-0: Ball 2-0: Called Strike 2-1: Foul Ball, location: 2F 2-2: Ball 3-2: SINGLE (Line Drive, 7S)
|
Batting: RHB Joe Lowe
|
0-0: Called Strike 0-1: Ball 1-1: Swinging Strike 1-2: Strikes out swinging
|
Batting: RHB Ernest Richter
|
0-0: Called Strike 0-1: Foul Ball, location: 2F 0-2: Ball 1-2: Ball 2-2: Ball 3-2: SINGLE (Flyball, 8LS) Bob Hayes to second Bob Hayes to third
|
Batting: LHB Andrew Guerrero
|
0-0: Ball 1-0: Ball 2-0: Ball 3-0: Base on Balls Ernest Richter to second
|
Batting: RHB Charlie Owens
|
0-0: Called Strike 0-1: Ball 1-1: Ball 2-1: Ball 3-1: Base on Balls Bob Hayes scores Ernest Richter to third Andrew Guerrero to second
|
Batting: RHB Julius Bell
|
0-0: Swinging Strike 0-1: Ball 1-1: Ball 2-1: Ball 3-1: Foul Ball, location: 2F 3-2: Strikes out looking
|
Bottom of the 8th over - 3 runs, 3 hits, 0 errors, 3 left on base; Baylor 3 - Washington State 9 |
TOP OF THE 9TH |
Baylor Bears batting - Pitching for Washington State Cougars : LHP Glenn O'Rourke
|
Now in CF: Jorge Castaneda
|
|
Batting: RHB Richard Jeffries
|
0-0: Ball 1-0: SINGLE (Line Drive, 7S)
|
Pitching: RHP Justin Delorme
|
|
Batting: LHB Sergio García
|
0-0: Ball 1-0: Called Strike 1-1: Ball 2-1: Foul Ball, location: 2F 2-2: Foul Ball, location: 2F 2-2: Foul Ball, location: 2F 2-2: Foul Ball, location: 2F 2-2: Ball 3-2: Base on Balls Richard Jeffries to second
|
Batting: RHB Gerald Taylor
|
0-0: Ball 1-0: Ball 2-0: Ball 3-0: Base on Balls Richard Jeffries to third Sergio García to second
|
Batting: LHB Alan Jones
|
0-0: Ball Wild Pitch! Richard Jeffries scores Sergio García to third Gerald Taylor to second 1-0: Ball 2-0: Ball 3-0: Base on Balls
|
Pitching: RHP Victor Kocher
|
|
Batting: RHB Doug Carter
|
0-0: Fly out, F7 (Flyball, 7S) Runner from 3rd tags up, SCORES, no throw
|
Batting: RHB Santiago Hernández
|
0-0: Called Strike 0-1: Ball 1-1: Ball 2-1: Swinging Strike 2-2: Foul Ball, location: 2F 2-2: Ball 3-2: Base on Balls Gerald Taylor to third Alan Jones to second
|
Batting: RHB Denny Dennis
|
0-0: Ball 1-0: Foul Ball, location: 2F 1-1: Foul Ball, location: 2F 1-2: Strikes out swinging
|
Batting: RHB Bryan Clifton
|
0-0: Ball 1-0: Called Strike 1-1: Swinging Strike 1-2: Strikes out looking
|
Top of the 9th over - 2 runs, 1 hit, 0 errors, 3 left on base; Baylor 5 - Washington State 9 |
|